 Dungeon Crawl Stone Soup version 0.28-a0-724-g66f9036eb4 (webtiles) character file.

Game seed: 17752520075817813527

4142 Essalna the Firebug (level 10, -7/60 HPs)
             Began as a Gargoyle Fire Elementalist on Oct 27, 2021.
             Was an Initiate of Vehumet.
             Mangled by a white ugly thing (25 damage)
             ... on level 9 of the Dungeon.
             The game lasted 00:19:55 (10618 turns).

Essalna the Firebug (Gargoyle Fire Elementalist)   Turns: 10618, Time: 00:19:56

Health: -7/60      AC: 14    Str: 13    XL:     10   Next: 27%
Magic:  9/19       EV: 13    Int: 18    God:    Vehumet [......]
Gold:   377        SH:  0    Dex: 10    Spells: 14/21 levels left

rFire   . . .      SeeInvis +   w - +0 whip (elec)
rCold   . . .      Faith    .   (no shield)
rNeg    + . .      Spirit   .   a - +0 robe
rPois   ∞          Reflect  .   k - +0 helmet
rElec   +          Harm     .   g - +0 cloak
rCorr   .          Rampage  .   n - +0 pair of gloves
Will    .....                   i - +0 pair of boots
Stlth   ++........              (no amulet)
HPRegen 0.20/turn               u - ring of see invisible
MPRegen 0.16/turn               (no ring)

@: very slightly contaminated
A: sickness immunity, AC +7, negative energy resistance 1, electricity
resistance, torment resistance 1, petrification resistance
a: Renounce Religion


You were on level 9 of the Dungeon.
You worshipped Vehumet.
Vehumet was noncommittal.
You visited 2 branches of the dungeon, and saw 10 of its levels.
You also visited: Ossuary.

You collected 377 gold pieces.

Inventory:

Hand Weapons
 c - a +0 hand axe
 w - a +0 whip of electrocution (weapon)
 H - the +10 dagger "Geseex Enya" {vorpal, rN+++ Str-5 Int+3 Stlth-}
   (You found it on level 9 of the Dungeon)

   It inflicts extra damage upon your enemies.
   Str:       It affects your strength (-5).
   Int:       It affects your intelligence (+3).
   rN:        It renders you almost immune to negative energy.
   Stlth:     It makes you less stealthy.
Armour
 a - a +0 robe (worn)
 g - a +0 cloak (worn)
 i - a +0 pair of boots (worn)
 k - a +0 helmet (worn)
 n - a +0 pair of gloves (worn)
 B - the +3 scale mail of Asaevef {-Tele rF+ Will++ Int+3}
   (You found it on level 6 of the Dungeon)

   Int:       It affects your intelligence (+3).
   rF:        It protects you from fire.
   -Tele:     It prevents most forms of teleportation.
   Will:      It greatly increases your willpower.
Jewellery
 u - a ring of see invisible (left hand)
Wands
 t - a wand of mindburst (14)
 y - a wand of charming (8)
 F - a wand of paralysis (6)
Scrolls
 b - a scroll of brand weapon {unknown}
 d - 6 scrolls of teleportation
 l - a scroll of blinking
 m - a scroll of fear
 q - a scroll of summoning {unknown}
 r - a scroll of holy word {unknown}
 v - 3 scrolls of enchant weapon {unknown}
 A - 3 scrolls of magic mapping
 C - 3 scrolls of enchant armour {unknown}
 D - a scroll of vulnerability {unknown}
 E - 3 scrolls of identify {unknown}
 G - a scroll of fog {unknown}
Potions
 e - 2 potions of invisibility {unknown}
 f - a potion of flight {unknown}
 h - a potion of haste
 j - 5 potions of mutation {unknown}
 o - 4 potions of might
 p - a potion of magic {unknown}
 s - 3 potions of brilliance {unknown}
 x - a potion of cancellation {unknown}
 z - 3 potions of curing


   Skills:
 + Level 5.9 Fighting
 - Level 4.0 Armour
 + Level 4.8 Dodging
 - Level 2.1 Stealth
 + Level 6.4 Spellcasting
 + Level 7.3 Conjurations
 + Level 7.4 Fire Magic


You had 14 spell levels left.
You knew the following spells:

 Your Spells              Type           Power      Damage    Failure   Level
a - Foxfire               Conj/Fire      100%       2x1d9     1%          1
b - Scorch                Fire           64%        2d8       1%          2
c - Flame Wave            Conj/Fire      32%        3d7       5%          4

Your spell library contained the following spells:

 Spells                   Type           Power      Damage    Failure   Level
 Magic Dart               Conj           100%       1d8       1%          1
 Conjure Flame            Conj/Fire      32%        6-21      1%          3
 Inner Flame              Hex/Fire       19%        N/A       8%          3
 Stone Arrow              Conj/Erth      38%        3d9       8%          3
 Animate Skeleton         Necr           10%        N/A       12%         1
 Apportation              Tloc           10%        N/A       12%         1
 Sandblast                Erth           10%        2d5       12%         1
 Summon Small Mammal      Summ           20%        N/A       12%         1
 Mephitic Cloud           Conj/Pois/Air  14%        N/A       13%         3
 Call Imp                 Summ           5%         N/A       17%         2
 Ensorcelled Hibernation  Hex/Ice        10%        N/A       17%         2
 Passwall                 Tmut/Erth      4%         N/A       17%         2
 Tukima's Dance           Hex            5%         N/A       34%         3


Dungeon Overview and Level Annotations

Branches:
Dungeon (9/15)             Temple (1/1) D:6         Ossuary (visited)
   Lair: D:8-11         Orc: D:9-12

Altars:
Ashenzari
Elyvilon
Fedhas
Qazlal
Sif Muna
Trog
Vehumet

Shops:
D:1 (   D:5 *

Annotations:
D:6 1 transporter, Sikaos's ghost, novice HuCj


Innate Abilities, Weirdness & Mutations

You are immune to sickness and miasma.
Your stone body is resilient. (AC +7)
You are immune to poison.
You resist negative energy. (rN+)
You are resistant to electric shocks. (rElec)
You are resistant to unholy torment.
You are immune to petrification.


Message History

You conjure some foxfire!
The foxfire hits the white ugly thing but does no damage.
You conjure some foxfire!
The foxfire hits the white ugly thing!
The white ugly thing is lightly wounded.
The foxfire hits the white ugly thing.
The white ugly thing is lightly wounded.
Casting: Foxfire (safe; 1% risk of failure)
Confirm with . or Enter, or press ? or * to list all spells.
You miscast Scorch.
You are very lightly contaminated with residual magic.
Nothing appears to happen.
The foxfire hits the white ugly thing but does no damage.
The white ugly thing is lightly wounded.
The foxfire hits the white ugly thing.
The white ugly thing is moderately wounded.
The foxfire hits the white ugly thing.
The white ugly thing is moderately wounded.
The white ugly thing trunk-slaps you but does no damage.
Casting: Scorch (safe; 1% risk of failure)
Confirm with . or Enter, or press ? or * to list all spells.
Flames lash the white ugly thing.
The white ugly thing is moderately wounded.
The white ugly thing's fire resistance burns away.
The white ugly thing trunk-slaps you but does no damage.
Casting: Scorch (safe; 1% risk of failure)
Confirm with . or Enter, or press ? or * to list all spells.
Flames lash the white ugly thing.
The white ugly thing is burned terribly!
The white ugly thing is heavily wounded.
The white ugly thing trunk-slaps you. The white ugly thing freezes you!!
Ouch! That really hurt!
Casting: Scorch (safe; 1% risk of failure)
Confirm with . or Enter, or press ? or * to list all spells.
Flames lash the white ugly thing.
The white ugly thing is burned terribly!
The white ugly thing is severely wounded.
The white ugly thing trunk-slaps you.
* * * LOW HITPOINT WARNING * * *
The white ugly thing freezes you!!
You die...

.># #..<# #.# #..#. ###
#...# #.# ...#(##.###..u#
#.#
....#.#...##...########.#
.........##.#......##.#
###....[....#.####.##.#
##.#.......##.#........
#[.....u.#......##.##..
#.##.#.#@#§..##.####.#..#
#......#......#.......#.#
##.#......#.######.##.#
#.#.####.#.# #.##..
#.#.####.#.# #.###>
#.....##.#.### ##.##.
###.#.##.....# #.#.
#<.........# #..
####.##.....# ### ##.


You could see a white ugly thing (combustible).

Vanquished Creatures
  A two-headed ogre (D:8)
  Erica (D:9)
  Pikel (D:4)
  A shadow (D:7)
  An acid dragon (D:9)
  A water moccasin (D:8)
  2 black bears
  A necrophage (D:4)
  A centaur (D:5)
  4 lemures
  A phantom (D:4)
  A kobold brigand (D:8)
  2 bullfrogs
  2 scorpions (D:5)
  A water moccasin skeleton (D:4)
  8 killer bees
  3 wights (D:5)
  2 centaur zombies
  4 hounds
  A jelly (D:6)
  2 orc priests
  Jessica (D:2)
  4 iguanas
  Natasha (thrice) (D:3)
  5 orc wizards
  A killer bee zombie (D:8)
  A hound skeleton (D:4)
  6 mummies (Ossuary)
  6 adders
  An ufetubus (D:5)
  5 worms
  4 dart slugs
  11 orcs
  5 ball pythons
  4 bats
  10 endoplasms
  2 giant cockroaches
  9 goblins
  7 hobgoblins
  8 jackals
  7 kobolds
  5 frilled lizards
  4 hobgoblin zombies (Ossuary)
  6 rats
156 creatures vanquished.

Vanquished Creatures (others)
  674 foxfires
  7 plants
681 creatures vanquished.

Grand Total: 837 creatures vanquished

Notes
Turn   | Place    | Note
-------+----------+-------------------------------------------
     0 | D:1      | Essalna the Gargoyle Fire Elementalist began the quest for
                  | the Orb.
     0 | D:1      | Reached XP level 1. HP: 10/10 MP: 3/3
   223 | D:1      | Reached XP level 2. HP: 15/15 MP: 0/5
   479 | D:1      | Found a faded altar of an unknown god.
   956 | D:1      | Found Pitoson's Antique Weapon Shoppe.
  1083 | D:1      | Reached XP level 3. HP: 17/19 MP: 6/6
  1566 | D:2      | Noticed Jessica
  1569 | D:2      | Killed Jessica
  1802 | D:3      | Reached XP level 4. HP: 24/24 MP: 4/8
  1870 | D:3      | Noticed Natasha
  1884 | D:3      | Killed Natasha
  1907 | D:3      | Noticed Natasha
  1913 | D:3      | Killed Natasha
  1914 | D:3      | Reached XP level 5. HP: 15/28 MP: 1/9
  2418 | D:2      | Learned a level 2 spell: Scorch
  2632 | D:2      | You fall into a shaft and drop 2 floors!
  2998 | D:4      | Noticed a phantom
  3006 | D:4      | Killed a phantom
  3007 | D:4      | Reached XP level 6. HP: 14/32 MP: 3/11
  3964 | D:3      | Noticed Natasha
  3974 | D:3      | Killed Natasha
  4639 | D:4      | Noticed Pikel
  5285 | D:4      | Killed Pikel
  5286 | D:4      | Reached skill level 5 in Fire Magic
  5286 | D:4      | Reached XP level 7. HP: 32/40 MP: 0/13
  5286 | D:4      | Reached XP level 8. HP: 35/44 MP: 0/14
  5428 | D:4      | Reached skill level 5 in Conjurations
  5433 | D:4      | Found a blossoming altar of Fedhas.
  5666 | D:5      | Entered Level 5 of the Dungeon
  6666 | D:5      | Found Koxaiqem's Assorted Antiques.
  7031 | D:6      | Found a sand-covered staircase.
  7036 | Ossuary  | Entered an ossuary
  7046 | Ossuary  | Reached skill level 5 in Spellcasting
  7389 | D:6      | Reached XP level 9. HP: 46/52 MP: 9/16
  7449 | D:6      | Learned a level 4 spell: Flame Wave
  7451 | D:6      | Found a staircase to the Ecumenical Temple.
  7465 | Temple   | Entered the Ecumenical Temple
  7475 | Temple   | Became a worshipper of Vehumet
  8013 | D:6      | Noticed Sikaos's ghost (novice HuCj)
  8014 | D:6      | Found a transporter.
  8014 | D:6      | Identified the +9 dire flail of Resourcefulness {chaos,
                  | *Rage Int+5}
  8014 | D:6      | Noticed a two-headed ogre
  8255 | D:6      | Identified the +3 scale mail of Asaevef {-Tele rF+ Will++
                  | Int+3}
  9499 | D:8      | Noticed a two-headed ogre
  9507 | D:8      | Killed a two-headed ogre
  9508 | D:8      | Reached skill level 5 in Fighting
  9508 | D:8      | Reached XP level 10. HP: 59/59 MP: 2/19
 10191 | D:9      | Noticed Erica
 10215 | D:9      | Killed Erica
 10284 | D:9      | Noticed a white ugly thing
 10508 | D:9      | Identified the +10 dagger "Geseex Enya" {vorpal, rN+++
                  | Str-5 Int+3 Stlth-}
 10618 | D:9      | Mangled by a white ugly thing

Illustrated notes

Levels and vault maps discovered:
D:1:      dpeg_arrival_castle, layout_basic, serial_shops, shop,
          chequers_ecumenical_altar_simple, minmay_misc_feat_square
D:2:      layout_basic, uniq_jessica
D:3:      layout_basic, uniq_natasha
D:4:      layout_loops_cross, fedhas_altar_fruit_tree, nicolae_zen_rock_garden,
          grunt_decor_mini_mirrors, uniq_pikel
D:5:      layout_loops_ring, serial_shops, shop, minmay_misc_feat_chi,
          serial_bayou_lagoon_a
D:6:      layout_basic, minmay_temple_entry_stoned_glass, enter_ossuary_2,
          gammafunk_ghost_smash
D:7:      layout_loops_cross, minmay_misc_feat_x
D:8:      layout_gridville
D:9:      layout_loops_cross, uniq_erica
Temple:   nicolae_temple_the_god_donut

Skill      XL: |  1  2  3  4  5  6  7  8  9 10 |
---------------+-------------------------------+-----
Conjurations   | 2 3 4 5 6 7 |  7.3
Spellcasting   | 3 4 5 6 |  6.4
Fire Magic     | 4 5 6 7 |  7.4
Fighting       | 2 3 5 |  5.9
Armour         | 2 3 4 |  4.0
Dodging        | 2 3 4 |  4.8
Stealth        | |  2.1

Action                   |  1- 3 |  4- 6 |  7- 9 | 10-12 || total
-------------------------+-------+-------+-------+-------++-------
Melee: Unarmed           |     2 |       |       |       ||     2
       Hand axe          |    26 |    74 |       |       ||   100
       Whip              |       |       |    61 |     4 ||    65
 Cast: Foxfire           |    54 |   141 |   177 |    39 ||   411
       Scorch            |       |    17 |    16 |     7 ||    40
       Flame Wave        |       |       |     1 |       ||     1
  Use: Scroll            |       |       |     5 |       ||     5
       Potion            |       |       |     4 |     1 ||     5
Armor: Robe              |    12 |    47 |    36 |     4 ||    99
Dodge: Dodged            |    21 |    46 |    77 |     7 ||   151

Table legend: (Time is in decaauts)
 A = Elapsed time spent in this place.
 B = Non-inter-level travel time spent in this place.
 C = Inter-level travel time spent in this place.
 D = Time resting spent in this place.
 E = Time spent auto-exploring this place.
 F = Levels seen in this place.
 G = Mean time per level.
                   A        B        C        D        E       F      G
               +--------+--------+--------+--------+--------+-----+--------+
         Total |  10678 |  10106 |    572 |      0 |   8588 |  11 |  970.7 |
       Dungeon |  10494 |   9927 |    567 |      0 |   8482 |   9 | 1166.0 |
        Temple |     16 |     11 |      5 |      0 |      0 |   1 |   16.0 |
       Ossuary |    166 |    166 |      0 |      0 |    106 |   1 |  166.0 |
               +--------+--------+--------+--------+--------+-----+--------+

Top non-repeatable levels by time:
     D:4: 2032 daAuts
     D:1: 1442 daAuts
     D:5: 1352 daAuts
     D:3: 1170 daAuts
     D:6: 1133 daAuts
     D:8: 1114 daAuts
     D:2: 1060 daAuts
     D:7: 861 daAuts
     D:9: 327 daAuts
 Ossuary: 166 daAuts
  Temple: 16 daAuts
